 Dungeon Crawl Stone Soup version 0.17.1-3-g152610e (webtiles) character file.

1215 Jerry the Ducker (level 8, -2/52 HPs)
             Began as a Mummy Air Elementalist on Apr 3, 2016.
             Slain by an orc warrior
             ... wielding a +0 scimitar
              (18 damage)
             ... on level 5 of the Dungeon on Apr 4, 2016.
             The game lasted 00:54:53 (8043 turns).

Jerry the Ducker (Mummy Air Elementalist)           Turns: 8043, Time: 00:54:54

Health: -2/52      AC:  9    Str: 11    XL:     8   Next: 22%
Magic:  3/11       EV: 14    Int: 17    God:
Gold:   204        SH:  0    Dex: 12    Spells: 2 memorised, 8 levels left

rFire  x . .     SeeInvis .     s - +4 quarterstaff (chaos)
rCold  + . .     Clarity  .     d - +2 robe {rN+}
rNeg   + + +     SustAt   .     (shield currently unavailable)
rPois  ∞         Gourm    .     g - +1 helmet
rElec  .         Spirit   .     t - +1 cloak
rCorr  .         Warding  .     (no gloves)
rMut   .         Stasis   .     q - +0 pair of boots
MR     +....                    r - amulet of regeneration
Stlth  ++........               (no ring)
                                (no ring)

@: very slightly contaminated, somewhat resistant to hostile enchantments,
unstealthy
A: no food or potions, fire vulnerability, cold resistance 1, negative energy
resistance 3, torment resistance, unbreathing
a: no special abilities


You were on level 5 of the Dungeon.
You were not hungry.

You visited 1 branch of the dungeon, and saw 6 of its levels.

You collected 204 gold pieces.

Inventory:

Hand Weapons
 s - a +4 quarterstaff of chaos (weapon)
Armour
 d - a +2 robe of positive energy (worn)
 g - a +1 helmet (worn)
 q - a +0 pair of boots (worn)
 t - a +1 cloak (worn)
Jewellery
 j - an uncursed amulet of resist corrosion
 r - an amulet of regeneration (around neck)
Wands
 a - a wand of polymorph (10)
 p - a wand of cold (11)
Scrolls
 e - 4 scrolls of remove curse
 i - 4 scrolls of identify
 k - a scroll of amnesia
 l - a scroll of enchant weapon
 n - a scroll of noise
Books
 b - a book of Air

   Spells                             Type                      Level
   a - Shock                          Conjuration/Air              1
   b - Swiftness                      Charms/Air                   2
   c - Repel Missiles                 Charms/Air                   2
   d - Static Discharge               Conjuration/Air              3
   e - Lightning Bolt                 Conjuration/Air              5
Miscellaneous
 o - a plain deck of escape {drawn: 2}


   Skills:
 + Level 6.0 Dodging
 - Level 1.5 Stealth
 - Level 2.0 Spellcasting
 + Level 3.6 Conjurations
 - Level 5.1 Air Magic


You had 8 spell levels left.
You knew the following spells:

 Your Spells              Type           Power        Failure   Level  Hunger
a - Shock                 Conj/Air       ###.         3%          1    N/A
b - Swiftness             Chrm/Air       ##......     12%         2    N/A

Dungeon Overview and Level Annotations

Branches:
Dungeon (6/15)
 Temple: D:4-7

Altars:
Ashenzari
Elyvilon
Kikubaaqudgha
Makhleb
Nemelex Xobeh
Okawaru
Vehumet


Innate Abilities, Weirdness & Mutations

You do not eat or drink.
Your flesh is vulnerable to fire.
You are immune to poison.
Your flesh is cold resistant.
You are immune to negative energy.
You are immune to unholy pain and torment.
You can survive without breathing.


Message History

Confirm with . or Enter, or press ? or * to list all spells.
Aiming: Shock
Press: ? - help, Shift-Dir - straight line, f/p - orc warrior
Aim: an orc warrior, wielding a scimitar and wearing a chain mail (moderately wounded)
The zap hits the orc warrior.
The orc warrior is heavily wounded.
The zap hits the orc warrior.
The orc warrior appears unharmed.
The orc warrior is heavily wounded.
The orc warrior hits you with a scimitar.
* * * LOW HITPOINT WARNING * * *
Casting: Shock
Confirm with . or Enter, or press ? or * to list all spells.
Aiming: Shock
Press: ? - help, Shift-Dir - straight line, f/p - orc warrior
Aim: an orc warrior, wielding a scimitar and wearing a chain mail (heavily wounded)
The zap hits the orc warrior.
The orc warrior appears unharmed.
The orc warrior is heavily wounded.
The zap misses the orc warrior.
The orc warrior hits you with a scimitar!!
You die...

...........##.......##...........
.................................
......................!..........
...............!(...##...##.####.
....................##...##.####.
...............).....#..o........
.....................+...........
.....##########.....##...........
########..<####.@o..##...........
#........#.............##...
#........'....)........##...
#........#..............#...
#........#..............#...
#.......##.....##.......#...
##.##...#########..>....#...
####.##...##..............'...
#....'....................#..)


You could see an orc warrior.

Vanquished Creatures
  Sigmund (D:3)
  2 phantoms
  A giant frog (D:5)
  2 scorpions (D:6)
  An orc wizard (D:6)
  A giant frog zombie (D:5)
  A jelly (D:5)
  Crazy Yiuf (D:3)
  2 giant frog skeletons (D:5)
  2 hounds (D:4)
  An iguana (D:5)
  2 orc priests (D:5)
  5 worker ants
  A river rat (D:4)
  3 gnolls (D:6)
  9 adders
  2 shadow imps (D:5)
  3 oozes
  An adder zombie (D:6)
  An adder skeleton (D:4)
  3 worms
  5 giant geckos
  18 orcs
  13 bats
  5 giant cockroaches
  9 goblins
  13 hobgoblins
  4 jackals
  4 kobolds
  2 quokkas
  A ball python (D:4)
  7 giant newts
  A jackal zombie (D:5)
  12 rats
  A fungus (D:3)
140 creatures vanquished.

Vanquished Creatures (others)
  An orc (D:6)
  A quokka (D:6)
2 creatures vanquished.

Grand Total: 142 creatures vanquished

Notes
Turn   | Place    | Note
--------------------------------------------------------------
     0 | D:1      | Jerry the Mummy Air Elementalist began the quest for the Orb.
     0 | D:1      | Reached XP level 1. HP: 13/13 MP: 3/3
    62 | D:1      | Reached skill level 1 in Conjurations
   399 | D:1      | Reached XP level 2. HP: 19/19 MP: 3/5
  1037 | D:1      | Reached XP level 3. HP: 24/24 MP: 0/6
  1481 | D:2      | Found a radiant altar of Vehumet.
  1807 | D:2      | Reached XP level 4. HP: 30/30 MP: 5/7
  1811 | D:2      | Learned a level 2 spell: Swiftness
  2474 | D:3      | You fall through a shaft!
  2475 | D:4      | Found a burning altar of Makhleb.
  2485 | D:4      | Reached skill level 3 in Dodging
  2789 | D:4      | Reached XP level 5. HP: 21/35 MP: 2/8
  3910 | D:3      | Noticed Sigmund
  3984 | D:3      | Found a sparkling altar of Nemelex Xobeh.
  4046 | D:3      | Killed Sigmund
  4046 | D:3      | Reached skill level 4 in Dodging
  4046 | D:3      | Reached XP level 6. HP: 11/41 MP: 6/9
  4942 | D:3      | Noticed Crazy Yiuf
  4947 | D:3      | Killed Crazy Yiuf
  5745 | D:4      | Found an ancient bone altar of Kikubaaqudgha.
  5900 | D:5      | Entered Level 5 of the Dungeon
  6038 | D:5      | Reached XP level 7. HP: 43/46 MP: 5/10
  6466 | D:5      | Reached skill level 5 in Dodging
  6466 | D:5      | Reached skill level 5 in Air Magic
  6890 | D:5      | Found a shattered altar of Ashenzari.
  6890 | D:5      | Found an iron altar of Okawaru.
  7378 | D:6      | Reached XP level 8. HP: 50/52 MP: 6/11
  7897 | D:6      | Found a white marble altar of Elyvilon.
  7913 | D:6      | Reached skill level 6 in Dodging
  8043 | D:5      | Slain by an orc warrior

Action                   |  1- 3 |  4- 6 |  7- 9 || total
-------------------------+-------+-------+-------++-------
Melee: Short sword       |    44 |    38 |       ||    82
       Quarterstaff      |       |       |     4 ||     4
 Cast: Shock             |    87 |   194 |   139 ||   420
       Swiftness         |       |       |     1 ||     1
Evoke: Deck              |       |     2 |       ||     2
  Use: Scroll            |       |       |     8 ||     8
